| TOP OF THE 1ST |
|
Chicago (APP) Cubs batting - Pitching for Billings Mustangs : LHP Keiji Shimomura
|
|
Pitching: LHP Keiji Shimomura
|
|
|
Batting: RHB Lencho Otieno
|
0-0: Foul Ball, location: 2F 0-1: Ball 1-1: Ground out 5-3 (Groundball, 56, EV 86.9 MPH)
|
|
Batting: RHB Jorge Gonzalez
|
0-0: Ball 1-0: Ball 2-0: Swinging Strike 2-1: Ball 3-1: Called Strike 3-2: Foul Ball, location: 2F 3-2: Ground out 6-3 (Groundball, 6, EV 83.1 MPH)
|
|
Batting: LHB Jose Mafano
|
0-0: Called Strike 0-1: Ball 1-1: Swinging Strike 1-2: Fly out, F8 (Flyball, 8RXD, EV 106.2 MPH)
|
| Top of the 1st over - 0 runs, 0 hits, 0 errors, 0 left on base; Chicago (APP) 0 - Billings 0 |
| BOTTOM OF THE 1ST |
|
Billings Mustangs batting - Pitching for Chicago (APP) Cubs : RHP Joshua Vincent
|
|
Pitching: RHP Joshua Vincent
|
|
|
Batting: RHB Alex Nagera
|
0-0: Foul Ball, location: 2F 0-1: Ball 1-1: SINGLE (Groundball, 56D, EV 109.4 MPH)
|
|
Batting: RHB Rich Vanegas
|
0-0: TRIPLE (Flyball, 9LD, EV 96.9 MPH) Alex Nagera scores
|
|
Batting: LHB Clint Hanninen
|
0-0: Ball 1-0: Ball Wild Pitch! Rich Vanegas scores 2-0: Called Strike 2-1: Ground out 1-3 (Groundball, 34S, EV 70.6 MPH)
|
|
Batting: RHB Juan Oliveros
|
0-0: Hit by Pitch
|
|
Batting: SHB Sal Esparza
|
0-0: Ball Juan Oliveros is caught stealing 2nd base 2-6 1-0: Called Strike 1-1: SINGLE (Flyball, 34D, EV 93.1 MPH)
|
|
Batting: RHB Wayne Watson
|
0-0: Called Strike Sal Esparza steals 2nd base 0-1: Ball 1-1: Fly out, F2 (Popup, 23F, EV 78.8 MPH)
|
| Bottom of the 1st over - 2 runs, 3 hits, 0 errors, 1 left on base; Chicago (APP) 0 - Billings 2 |
| TOP OF THE 2ND |
|
Chicago (APP) Cubs batting - Pitching for Billings Mustangs : LHP Keiji Shimomura
|
|
Batting: RHB Andy Baumhardt
|
0-0: Ball 1-0: Swinging Strike 1-1: Ball 2-1: Ball 3-1: Base on Balls
|
|
Batting: SHB Jim Lloyd
|
0-0: Fly out, F9 (Flyball, 9LS, EV 92.5 MPH)
|
|
Batting: RHB Andy Villarreal
|
0-0: Ball 1-0: Fly out, F1 (Line Drive, P, EV 70.0 MPH)
|
|
Batting: SHB Rob Craft
|
0-0: Ball 1-0: Called Strike 1-1: Foul Ball, location: 2F 1-2: Strikes out looking
|
| Top of the 2nd over - 0 runs, 0 hits, 0 errors, 1 left on base; Chicago (APP) 0 - Billings 2 |
| BOTTOM OF THE 2ND |
|
Billings Mustangs batting - Pitching for Chicago (APP) Cubs : RHP Joshua Vincent
|
|
Batting: SHB Gustavo Froio
|
0-0: Ball 1-0: Ball 2-0: Ball 3-0: Called Strike 3-1: Ground out 5-3 (Groundball, 5S, EV 80.6 MPH)
|
|
Batting: RHB Ruben Cantu
|
0-0: Ball 1-0: Ball 2-0: Called Strike 2-1: Ball 3-1: Base on Balls
|
|
Batting: LHB Rodrigo Samano
|
0-0: Ball Passed Ball! Ruben Cantu to second 1-0: Called Strike 1-1: Swinging Strike 1-2: Ball Passed Ball! Ruben Cantu to third 2-2: Strikes out looking
|
|
Batting: RHB Alex Nagera
|
0-0: Ball 1-0: DOUBLE (Line Drive, 8LD, EV 105.6 MPH) Ruben Cantu scores
|
|
Batting: RHB Rich Vanegas
|
0-0: Fly out, F8 (Flyball, 8RD, EV 95.0 MPH)
|
| Bottom of the 2nd over - 1 run, 1 hit, 0 errors, 1 left on base; Chicago (APP) 0 - Billings 3 |
| TOP OF THE 3RD |
|
Chicago (APP) Cubs batting - Pitching for Billings Mustangs : LHP Keiji Shimomura
|
|
Batting: LHB Wilhelm Myers
|
0-0: Ball 1-0: Ball 2-0: Called Strike 2-1: Called Strike 2-2: Strikes out swinging
|
|
Batting: LHB Eddie Panagos
|
0-0: Ground out U3 (Groundball, 23, EV 91.2 MPH)
|
|
Batting: RHB Lencho Otieno
|
0-0: Swinging Strike 0-1: Ball 1-1: Ball 2-1: Ball 3-1: Called Strike 3-2: Strikes out swinging
|
| Top of the 3rd over - 0 runs, 0 hits, 0 errors, 0 left on base; Chicago (APP) 0 - Billings 3 |
| BOTTOM OF THE 3RD |
|
Billings Mustangs batting - Pitching for Chicago (APP) Cubs : RHP Joshua Vincent
|
|
Batting: LHB Clint Hanninen
|
0-0: Called Strike 0-1: Ball 1-1: Ball 2-1: Foul Ball, location: 2F 2-2: Strikes out swinging
|
|
Batting: RHB Juan Oliveros
|
0-0: Ball 1-0: Called Strike 1-1: Ball 2-1: Ball 3-1: Foul Ball, location: 2F 3-2: Base on Balls
|
|
Batting: SHB Sal Esparza
|
0-0: Swinging Strike 0-1: Called Strike 0-2: SINGLE (Groundball, 34D, EV 103.1 MPH) Juan Oliveros to second Runner from 2nd tries for 3rd, OUT! 9-5 Sal Esparza to second
|
|
Batting: RHB Wayne Watson
|
0-0: Foul Ball, location: 2F 0-1: Ball 1-1: Foul Ball, location: 2F 1-2: Ground out U3 (Groundball, 3, EV 106.9 MPH)
|
| Bottom of the 3rd over - 0 runs, 1 hit, 0 errors, 1 left on base; Chicago (APP) 0 - Billings 3 |
| TOP OF THE 4TH |
|
Chicago (APP) Cubs batting - Pitching for Billings Mustangs : LHP Keiji Shimomura
|
|
Batting: RHB Jorge Gonzalez
|
0-0: Called Strike 0-1: Ball 1-1: Swinging Strike 1-2: Ground out 6-3 (Groundball, 4M, EV 88.1 MPH)
|
|
Batting: LHB Jose Mafano
|
0-0: Foul Ball, location: 2F 0-1: Ball 1-1: Fly out, F5 (Popup, 56S, EV 62.5 MPH)
|
|
Batting: RHB Andy Baumhardt
|
0-0: Ball 1-0: Ball 2-0: Called Strike 2-1: Foul Ball, location: 2F 2-2: Foul Ball, location: 2F 2-2: Strikes out swinging, 2-3 out at first.
|
| Top of the 4th over - 0 runs, 0 hits, 0 errors, 0 left on base; Chicago (APP) 0 - Billings 3 |
| BOTTOM OF THE 4TH |
|
Billings Mustangs batting - Pitching for Chicago (APP) Cubs : RHP Joshua Vincent
|
|
Pitching: RHP Mike Reusch
|
|
|
Batting: SHB Gustavo Froio
|
0-0: Called Strike 0-1: Ball 1-1: SINGLE (Groundball, 34D, EV 106.2 MPH)
|
|
Batting: RHB Ruben Cantu
|
0-0: Called Strike 0-1: Ball Passed Ball! Gustavo Froio to second 1-1: Ball 2-1: Foul Ball, location: 2F 2-2: Ground out 6-3 (Groundball, 6S, EV 87.5 MPH)
|
|
Batting: LHB Rodrigo Samano
|
0-0: Called Strike 0-1: Foul Ball, location: 2F 0-2: Ball 1-2: Strikes out swinging
|
|
Batting: RHB Alex Nagera
|
0-0: Ball Passed Ball! Gustavo Froio to third 1-0: Ball Wild Pitch! Gustavo Froio scores 2-0: Foul Ball, location: 2F 2-1: SOLO HOME RUN (Flyball, 9D, EV 94.4 MPH), Distance : 383 ft
|
|
Batting: RHB Rich Vanegas
|
0-0: Called Strike 0-1: Foul Ball, location: 2F 0-2: Ball 1-2: Ball 2-2: Ball 3-2: Base on Balls
|
|
Pitching: RHP Luis Solis
|
|
|
Batting: LHB Clint Hanninen
|
0-0: Ball 1-0: Swinging Strike 1-1: DOUBLE (Flyball, 78D, EV 96.9 MPH) Rich Vanegas to third Runner from 3rd tries for Home, SAFE, throw by LF to trailing runner, SAFE at third!
|
|
Batting: RHB Juan Oliveros
|
0-0: Called Strike 0-1: SINGLE (Flyball, 89S, EV 93.1 MPH) Clint Hanninen scores
|
|
Batting: SHB Sal Esparza
|
0-0: Foul Ball, location: 2F 0-1: Foul Ball, location: 2F 0-2: Ball 1-2: Foul Ball, location: 2F 1-2: Strikes out swinging
|
| Bottom of the 4th over - 4 runs, 4 hits, 0 errors, 1 left on base; Chicago (APP) 0 - Billings 7 |
| TOP OF THE 5TH |
|
Chicago (APP) Cubs batting - Pitching for Billings Mustangs : LHP Keiji Shimomura
|
|
Batting: SHB Jim Lloyd
|
0-0: Ball 1-0: Foul Ball, location: 2F 1-1: Swinging Strike 1-2: Strikes out swinging
|
|
Batting: RHB Andy Villarreal
|
0-0: Foul Ball, location: 2F 0-1: Ball 1-1: Swinging Strike 1-2: Ball 2-2: Strikes out swinging
|
|
Batting: SHB Rob Craft
|
0-0: Ball 1-0: Foul Ball, location: 2F 1-1: Ball 2-1: Ball 3-1: Base on Balls
|
|
Batting: LHB Wilhelm Myers
|
0-0: Ball 1-0: Swinging Strike 1-1: Ground out 4-3 (Groundball, 4, EV 85.6 MPH)
|
| Top of the 5th over - 0 runs, 0 hits, 0 errors, 1 left on base; Chicago (APP) 0 - Billings 7 |
| BOTTOM OF THE 5TH |
|
Billings Mustangs batting - Pitching for Chicago (APP) Cubs : RHP Luis Solis
|
|
Batting: RHB Wayne Watson
|
0-0: Hit by Pitch
|
|
Batting: SHB Gustavo Froio
|
0-0: Called Strike 0-1: Ball 1-1: Ball 2-1: Foul Ball, location: 2F 2-2: Foul Ball, location: 2F 2-2: DOUBLE (Line Drive, 89XD, EV 110.6 MPH) Wayne Watson to third
|
|
Batting: RHB Ruben Cantu
|
0-0: Called Strike 0-1: SINGLE (Line Drive, 3D, EV 105.0 MPH) Wayne Watson scores Gustavo Froio to third
|
|
Pitching: RHP Man-keung Li
|
|
|
Batting: LHB Rodrigo Samano
|
0-0: Called Strike 0-1: Fly out, F8 (Line Drive, 8LM, EV 103.8 MPH)
|
|
Batting: RHB Alex Nagera
|
0-0: Called Strike 0-1: Ball Passed Ball! Gustavo Froio scores Ruben Cantu to second 1-1: Ball 2-1: Swinging Strike 2-2: Fly out, F7 (Flyball, 78S, EV 88.1 MPH)
|
|
Batting: RHB Rich Vanegas
|
0-0: Ball Passed Ball! Ruben Cantu to third 1-0: Ball Passed Ball! Ruben Cantu scores 2-0: Called Strike 2-1: Ball 3-1: Base on Balls
|
|
Batting: LHB Clint Hanninen
|
0-0: Swinging Strike 0-1: Ground out 4-3 (Groundball, 34, EV 103.8 MPH)
|
| Bottom of the 5th over - 3 runs, 2 hits, 0 errors, 1 left on base; Chicago (APP) 0 - Billings 10 |
| TOP OF THE 6TH |
|
Chicago (APP) Cubs batting - Pitching for Billings Mustangs : LHP Keiji Shimomura
|
|
Batting: LHB Eddie Panagos
|
0-0: Called Strike 0-1: Swinging Strike 0-2: Strikes out looking
|
|
Batting: RHB Lencho Otieno
|
0-0: DOUBLE (Line Drive, 7LS, EV 94.4 MPH)
|
|
Batting: RHB Jorge Gonzalez
|
0-0: Ball 1-0: Foul Ball, location: 2F 1-1: Ball Lencho Otieno steals 3rd, throwing error, E2 Lencho Otieno scores 2-1: Ball 3-1: Base on Balls
|
|
Batting: LHB Jose Mafano
|
0-0: Foul Ball, location: 2F 0-1: Ball 1-1: Fielders Choice at 2nd, 1-6 (Groundball, 34S, EV 68.1 MPH)
|
|
Batting: RHB Andy Baumhardt
|
0-0: Called Strike 0-1: Foul Ball, location: 2F 0-2: Ball 1-2: Fielders Choice at 2nd, 6-4 (Groundball, 6, EV 91.2 MPH)
|
| Top of the 6th over - 1 run, 1 hit, 1 error, 1 left on base; Chicago (APP) 1 - Billings 10 |
| BOTTOM OF THE 6TH |
|
Billings Mustangs batting - Pitching for Chicago (APP) Cubs : RHP Man-keung Li
|
|
Batting: RHB Juan Oliveros
|
0-0: Fly out, F8 (Flyball, 8RD, EV 101.2 MPH)
|
|
Batting: SHB Sal Esparza
|
0-0: Called Strike 0-1: Reached on error, E3 (Groundball, 3S, EV 72.5 MPH)
|
|
Batting: RHB Wayne Watson
|
0-0: Ball 1-0: Called Strike 1-1: Swinging Strike 1-2: Foul Ball, location: 2F 1-2: Hit by Pitch Sal Esparza to second
|
|
Pitching: RHP Robbie Schoen
|
|
|
Batting: SHB Gustavo Froio
|
0-0: SINGLE (Groundball, 6MD, EV 76.2 MPH) (infield hit) Sal Esparza to third Wayne Watson to second
|
|
Batting: RHB Ruben Cantu
|
0-0: GRAND SLAM HOME RUN (Flyball, 7LD, EV 91.2 MPH), Distance : 343 ft
|
|
Batting: LHB Rodrigo Samano
|
0-0: Called Strike 0-1: Ball 1-1: Foul Ball, location: 2F 1-2: Ball 2-2: Foul Ball, location: 2F 2-2: Strikes out looking
|
|
Batting: RHB Alex Nagera
|
0-0: SINGLE (Groundball, 56D, EV 95.6 MPH)
|
|
Batting: RHB Rich Vanegas
|
0-0: Fly out, F9 (Flyball, 9, EV 77.5 MPH)
|
| Bottom of the 6th over - 4 runs, 3 hits, 1 error, 1 left on base; Chicago (APP) 1 - Billings 14 |
| TOP OF THE 7TH |
|
Chicago (APP) Cubs batting - Pitching for Billings Mustangs : LHP Keiji Shimomura
|
|
Batting: SHB Jim Lloyd
|
0-0: SINGLE (Flyball, 4D, EV 91.2 MPH)
|
|
Batting: RHB Andy Villarreal
|
0-0: Called Strike 0-1: Hit by Pitch Jim Lloyd to second
|
|
Batting: SHB Rob Craft
|
0-0: Bunt missed! 0-1: Ball 1-1: Bunt missed! 1-2: Bunted foul, Strikeout!
|
|
Pitching: LHP Alec Valencia
|
|
|
Batting: LHB Wilhelm Myers
|
0-0: Bunt missed! 0-1: Bunt missed! 0-2: Bunt missed, Strikeout!
|
|
Batting: LHB Eddie Panagos
|
0-0: Swinging Strike 0-1: Foul Ball, location: 2F 0-2: Strikes out swinging
|
| Top of the 7th over - 0 runs, 1 hit, 0 errors, 2 left on base; Chicago (APP) 1 - Billings 14 |
| BOTTOM OF THE 7TH |
|
Billings Mustangs batting - Pitching for Chicago (APP) Cubs : RHP Robbie Schoen
|
|
Batting: LHB Clint Hanninen
|
0-0: Ball 1-0: SINGLE (Groundball, 4D, EV 100.6 MPH)
|
|
Batting: RHB Juan Oliveros
|
0-0: Ball 1-0: Swinging Strike 1-1: Ball 2-1: Ball 3-1: Base on Balls Clint Hanninen to second
|
|
Batting: SHB Sal Esparza
|
0-0: Ball 1-0: SINGLE (Line Drive, 6D, EV 95.0 MPH) Clint Hanninen to third Juan Oliveros to second
|
|
Pitching: RHP Masato Iwase
|
|
|
Batting: RHB Wayne Watson
|
0-0: Grounds into fielders choice 1-2 (Groundball, P, EV 70.0 MPH) Juan Oliveros to third Sal Esparza to second
|
|
Batting: SHB Gustavo Froio
|
0-0: Ball 1-0: Foul Ball, location: 2F 1-1: Ball 2-1: Swinging Strike 2-2: Foul Ball, location: 2F 2-2: Foul Ball, location: 2F 2-2: Hit by Pitch Juan Oliveros scores Sal Esparza to third Wayne Watson to second
|
|
Batting: RHB Ruben Cantu
|
0-0: Called Strike 0-1: Ball 1-1: Swinging Strike 1-2: Ball 2-2: Strikes out swinging
|
|
Batting: LHB Rodrigo Samano
|
0-0: Foul Ball, location: 2F 0-1: Swinging Strike 0-2: Strikes out looking
|
| Bottom of the 7th over - 1 run, 2 hits, 0 errors, 3 left on base; Chicago (APP) 1 - Billings 15 |
| TOP OF THE 8TH |
|
Chicago (APP) Cubs batting - Pitching for Billings Mustangs : LHP Alec Valencia
|
|
Batting: RHB Lencho Otieno
|
0-0: Swinging Strike 0-1: Foul Ball, location: 2F 0-2: Ball 1-2: Strikes out swinging
|
|
Batting: RHB Jorge Gonzalez
|
0-0: Ball 1-0: Ball 2-0: Ball 3-0: Called Strike 3-1: Called Strike 3-2: Strikes out looking
|
|
Batting: LHB Jose Mafano
|
0-0: Ball 1-0: Called Strike 1-1: Ball 2-1: Ground out 5-3 (Groundball, 5L, EV 83.1 MPH)
|
| Top of the 8th over - 0 runs, 0 hits, 0 errors, 0 left on base; Chicago (APP) 1 - Billings 15 |
| BOTTOM OF THE 8TH |
|
Billings Mustangs batting - Pitching for Chicago (APP) Cubs : RHP Masato Iwase
|
|
Batting: RHB Alex Nagera
|
0-0: Ball 1-0: Ball 2-0: Reached on error, E5 (Groundball, 56, EV 90.6 MPH)
|
|
Pitching: RHP Bobby Almonte
|
|
|
Batting: RHB Rich Vanegas
|
0-0: Hit by Pitch
|
|
Batting: LHB Clint Hanninen
|
0-0: SINGLE (Groundball, 34D, EV 106.9 MPH) Alex Nagera to third Rich Vanegas to second
|
|
Batting: RHB Juan Oliveros
|
0-0: DOUBLE (Line Drive, 89M, EV 113.8 MPH) Alex Nagera scores Rich Vanegas scores Clint Hanninen to third
|
|
Batting: SHB Sal Esparza
|
0-0: Foul Ball, location: 2F 0-1: Ground out 6-3 (Groundball, 6M, EV 102.5 MPH) Clint Hanninen scores Juan Oliveros to third
|
|
Batting: RHB Wayne Watson
|
0-0: Ball Passed Ball! Juan Oliveros scores 1-0: Called Strike 1-1: Called Strike 1-2: Ball 2-2: SINGLE (Line Drive, 4D, EV 104.4 MPH)
|
|
Pinch Hitting: RHB Cortez Restrepo
|
0-0: Ball 1-0: Foul Ball, location: 2F 1-1: Ball 2-1: Swinging Strike 2-2: Strikes out looking
|
|
Batting: RHB Ruben Cantu
|
0-0: Swinging Strike Passed Ball! Wayne Watson to second 0-1: Reached on error, E6 (Groundball, 6, EV 91.2 MPH) Wayne Watson to third
|
|
Batting: RHB Teddy Bonaddio
|
0-0: Ball 1-0: Swinging Strike Passed Ball! Wayne Watson scores Ruben Cantu to second 1-1: Reached on error, E6 (Groundball, 56, EV 105.0 MPH) Ruben Cantu to third
|
|
Batting: RHB Alex Nagera
|
0-0: Called Strike 0-1: Foul Ball, location: 2F 0-2: Ball Passed Ball! Ruben Cantu scores Teddy Bonaddio to second 1-2: Ball Passed Ball! Teddy Bonaddio to third 2-2: Ball 3-2: Foul Ball, location: 2F 3-2: Strikes out swinging
|
| Bottom of the 8th over - 6 runs, 3 hits, 3 errors, 1 left on base; Chicago (APP) 1 - Billings 21 |
| TOP OF THE 9TH |
|
Chicago (APP) Cubs batting - Pitching for Billings Mustangs : LHP Alec Valencia
|
|
Pitching: RHP Boboy Cacabelos
|
|
|
Now at 3B: Cortez Restrepo
|
|
|
Batting: RHB Andy Baumhardt
|
0-0: Ball 1-0: Ball 2-0: Ball 3-0: Called Strike 3-1: Swinging Strike 3-2: Strikes out looking
|
|
Batting: SHB Jim Lloyd
|
0-0: Ball 1-0: Ball 2-0: SOLO HOME RUN (Flyball, 9D, EV 95.6 MPH), Distance : 393 ft
|
|
Batting: RHB Andy Villarreal
|
0-0: Ball 1-0: Foul Ball, location: 2F 1-1: Called Strike 1-2: Strikes out swinging
|
|
Batting: SHB Rob Craft
|
0-0: Called Strike 0-1: Fly out, F7 (Line Drive, 7D, EV 110.6 MPH)
|
| Top of the 9th over - 1 run, 1 hit, 0 errors, 0 left on base; Chicago (APP) 2 - Billings 21 |
|